 Dungeon Crawl Stone Soup version 0.29-a0-559-g359e09b9d1 (console) character file.

Game seed: 18310951203183786889

16446 om the Impaler (level 12, -13/97 HPs)
             Began as a Merfolk Gladiator on June 10, 2022.
             Was the Champion of Jiyva.
             Mangled by a minotaur (26 damage)
             ... in a Gauntlet.
             The game lasted 00:32:14 (12431 turns).

om the Impaler (Merfolk Gladiator)                 Turns: 12431, Time: 00:32:14

Health: -13/97     AC: 10    Str: 20    XL:     12   Next: 37%
Magic:  12/12      EV: 23    Int: 11    God:    Jiyva [******]
Gold:   83         SH:  0    Dex: 22    Spells: 11/11 levels left

rFire   + . .      SeeInvis +   y - +4 trident
rCold   . . .      Faith    .   (no shield)
rNeg    + + +      Spirit   .   b - +0 leather armour
rPois   .          Reflect  .   v - +2 helmet {SInv}
rElec   .          Harm     .   (no cloak)
rCorr   +          Rampage  .   J - +0 pair of gloves {Str+3}
Will    +....      NoTele   +   (no boots)
Stlth   ++++......              (no amulet)
HPRegen 2.66/turn               i - ring of protection from fire
MPRegen 0.63/turn               l - ring of Liberalism {Fly rN+++ Will+}

@: calling ooze, flying
A: (nimble swimmer 2), mertail, iridescent scales 1, agile 2, clever 2,
regeneration 1, wild magic 2, eyeballs 1, translucent skin 3
a: Renounce Religion, Oozemancy, Slimify


You were in a Gauntlet.
You worshipped Jiyva.
Jiyva was exalted by your worship.
You visited 2 branches of the dungeon, and saw 13 of its levels.
You also visited: Ossuary and Gauntlet.

You collected 563 gold pieces.
You spent 480 gold pieces at shops.

Inventory:

Hand Weapons
 q - the +7 mace "Impbane" {freeze, Int+3}
   (You found it on level 3 of the Dungeon)

   It freezes those it strikes, dealing additional cold damage.
   It can also slow down cold-blooded creatures.
   Int:       It affects your intelligence (+3).
 s - a +0 vampiric spear
 t - the +6 shillelagh "Devastator" {shatter}
   (You found it on level 4 of the Dungeon)

   It releases a powerful concussive burst when it strikes, dealing extra damage
   to the target and all other foes adjacent to them.
 y - a +4 trident (weapon)
 K - the +6 halberd of Irgheanu {vorpal, Int+6 Dex-2}
   (You found it in a Gauntlet)

   It inflicts extra damage upon your enemies.
   Int:       It affects your intelligence (+6).
   Dex:       It affects your dexterity (-2).
Missiles
 d - 4 throwing nets (quivered)
 e - a javelin
Armour
 b - a +0 leather armour (worn)
 k - a +2 hat
 v - a +2 helmet of see invisible (worn)
 J - a +0 pair of gloves of strength (worn)
 L - the +0 pair of gloves of Exclusion {Int+4}
   (You found it in a Gauntlet)

   Int:       It affects your intelligence (+4).
Jewellery
 i - a ring of protection from fire (left hand)
 l - the ring of Liberalism (right hand) {Fly rN+++ Will+}
   (You found it on level 4 of the Dungeon)

   [ring of willpower]

   rN:        It renders you almost immune to negative energy.
   Fly:       It grants you flight.
   Will:      It increases your willpower.
 D - the amulet "Emew" {RegenMP rF++}
   (You found it in a Gauntlet)

   [amulet of magic regeneration]

   It increases your rate of magic regeneration.
   rF:        It greatly protects you from fire.
 F - a +4 ring of slaying
 G - a ring of fire
Wands
 x - a wand of acid (7)
Scrolls
 c - a scroll of vulnerability {unknown}
 f - a scroll of acquirement
 w - 2 scrolls of fear
 z - 2 scrolls of enchant armour {unknown}
 A - 2 scrolls of blinking
 B - a scroll of summoning {unknown}
 C - a scroll of immolation {unknown}
 E - 2 scrolls of teleportation
 H - a scroll of poison {unknown}
 I - a scroll of silence {unknown}
Potions
 a - a potion of mutation
 g - a potion of magic
 h - 6 potions of heal wounds
 j - a potion of haste {unknown}
 m - a potion of ambrosia
 n - 4 potions of curing
 o - 2 potions of might
 p - a potion of attraction {unknown}
 r - 3 potions of lignification
 u - 2 potions of brilliance


   Skills:
 - Level 10.0 Fighting
 - Level 15.0 Polearms
 - Level 2.0 Throwing
 - Level 5.0 Armour
 * Level 14.3 Dodging
 - Level 5.0 Stealth
 - Level 4.0 Evocations


You had 11 spell levels left.
You didn't know any spells.
Your spell library contained the following spells:

 Spells                   Type           Power      Damage    Failure   Level
 Static Discharge         Conj/Air       0%         N/A       69%         2
 Animate Armour           Summ/Erth      0%         N/A       99%         4
 Blade Hands              Tmut           0%         N/A       100%        5
 Lightning Bolt           Conj/Air       0%         1d11      100%        5
 Iron Shot                Conj/Erth      0%         9d1       100%        6
 Malign Gateway           Summ/Tloc      0%         N/A       100%        7
 Maxwell's Capacitive Co  Air            0%         ∞         100%        8
 Summon Horrible Things   Summ           0%         N/A       100%        8


Dungeon Overview and Level Annotations

Branches:
Dungeon (12/15)            Temple (0/1) D:6            Lair (1/6) D:9
    Orc (0/2) D:10        Ossuary (visited)         Gauntlet (1/1)

Altars:
Cheibriados
Dithmenos
Elyvilon
Fedhas
Gozag
Hepliaklqana
Kikubaaqudgha
Ru
Sif Muna
Trog
Uskayaw
Wu Jian
Xom
Jiyva

Shops:
D:2 [

Annotations:
D:10 1 runed translucent door, SuperHamster's ghost, journeyman OpCj Gauntlet 12 transporters, 21 runed translucent doors, exclusions: 2 lightning spires and orange crystal statue


Innate Abilities, Weirdness & Mutations

((You are very nimble when in or above water. (Stealth+, EV+, Speed+++)))
Your lower body shifts to a powerful aquatic tail in water.
You are partially covered in iridescent scales. (AC +2)
You are very agile. (Dex +4)
Your mind is very acute. (Int +4)
Your natural rate of healing is unusually fast.
Your spells are harder to cast, but more powerful.
Your body has grown eyes which may confuse attackers. (Acc +3)
Your transparent skin significantly reduces your foes' accuracy. (Stealth+)


Message History

The walls burn the minotaur!
The minotaur misses you. The minotaur closely misses you.
You hit the minotaur but do no damage.
The minotaur is moderately wounded.
You puncture the minotaur!
The minotaur is heavily wounded.
The walls burn the minotaur!
The minotaur hits you!!
You shudder from the blow and a jelly pops out!
The minotaur completely misses you.
The walls burn the minotaur! x2; The minotaur hits you!!
* * * LOW HITPOINT WARNING * * *
You shudder from the blow and a jelly pops out!
The minotaur gores you but does no damage.
You swap places.
The minotaur attacks as you move away! The minotaur misses you.
The minotaur gores you!
* * * LOW HITPOINT WARNING * * *
Your quicksilver ooze barely misses the minotaur.
The minotaur furiously retaliates!
The minotaur headbutts your quicksilver ooze!
Your quicksilver ooze hits the minotaur but does no damage.
The walls burn the minotaur!
The minotaur hits your quicksilver ooze!!
Your quicksilver ooze dies!
Your quicksilver ooze dissolves into a puddle of slime!
Your rockslime hits the minotaur!!
The minotaur stumbles backwards!
Something hits your rockslime!!
Something completely misses your rockslime.
You hear a bellow!
The walls burn the minotaur!
The minotaur hits your rockslime!! The minotaur gores your rockslime!
Your rockslime dies!
Your rockslime dissolves into a puddle of slime!
The walls burn the minotaur! x2
Reach: y) +4 trident
Press: ? - help, Dir - move target, f/p - minotaur
Aim: a minotaur, wearing a +3 chain mail of positive energy, wearing the necklace of Bloodlust {*Rage Will++ Int-3 Slay+6} and quivering javelins (almost dead, berserk, about 17% to evade your +4 trident)
You hit the minotaur but do no damage.
The minotaur is almost dead.
The walls burn the minotaur!
The minotaur hits you!!
You die...

## .. .# ##.# #.. ### #.# #.#
#.#########.# #..H@.......#
#.###########.# #.............#
#########.#########
#≈...............≈# ###
####8..©.©.©.©.©.©..8#### ## #8#
#8##≈.............J.≈##8# #8
#################################
................≈∩≈..............


You could see a minotaur (berserk).

Vanquished Creatures
  A dire elephant (Gauntlet)
  A boulder beetle (D:11)
  A hydra (Lair:1)
  3 two-headed ogres
  Lodul (D:11)
  A manticore (D:12)
  An elephant (Gauntlet)
  A cane toad (Lair:1)
  3 unseen horrors
  A kobold demonologist (D:9)
  3 hornets
  A spriggan (shapeshifter) (D:12)
  3 wraiths
  4 shadows (Gauntlet)
  17 yaks
  A steam dragon (D:8)
  5 vampire mosquitoes
  Menkaure (D:4)
  4 wargs (D:10)
  A water moccasin (D:9)
  An orc warrior (D:9)
  A black bear (D:5)
  7 ogres
  4 centaurs
  4 bullfrogs
  A kobold brigand (D:9)
  2 necrophages (D:5)
  A gnoll sergeant (D:11)
  13 wights
  5 killer bees
  3 electric eels (D:10)
  4 centaur zombies (Ossuary)
  4 hounds
  2 gnoll shamans
  3 orc priests
  Terence (D:3)
  3 iguanas (D:6)
  4 orc wizards
  5 mummies (Ossuary)
  19 gnolls
  5 adders
  2 shadow imps (D:7)
  3 worms (D:2)
  4 dart slugs
  16 orcs
  4 ball pythons
  4 endoplasms
  3 giant cockroaches
  6 goblins
  5 hobgoblins
  10 jackals
  4 kobolds
  5 quokkas
  2 bats
  2 frilled lizards (D:1)
  A hobgoblin zombie (Ossuary)
  2 rats
219 creatures vanquished.

Vanquished Creatures (collateral kills)
  2 elephants (Gauntlet)
  An orc warrior (D:6)
  3 ogres (D:11)
  2 orc priests (D:6)
8 creatures vanquished.

Vanquished Creatures (others)
  An eye of devastation (shapeshifter) (Gauntlet)
  A cane toad (shapeshifter) (Gauntlet)
  A shadow (D:11)
  A wyvern (D:8)
  A water moccasin (D:5)
  A scorpion (D:6)
  4 wights (D:7)
  A killer bee (D:8)
  21 jellies
  2 orc priests
  5 orc wizards
  A dart slug (D:9)
  8 orcs
  A ball python (D:3)
  An endoplasm (D:4)
  2 goblins
  6 hobgoblins
  3 jackals (D:3)
  A kobold (D:7)
  4 rats
  7 fungi (D:2)
  45 plants
  4 withered plants (Gauntlet)
122 creatures vanquished.

Grand Total: 349 creatures vanquished

Notes
Turn   | Place    | Note
-------+----------+-------------------------------------------
     0 | D:1      | om the Merfolk Gladiator began the quest for the Orb.
     0 | D:1      | Reached XP level 1. HP: 16/16 MP: 1/1
   647 | D:1      | Reached XP level 2. HP: 20/23 MP: 2/2
  1263 | D:1      | Reached XP level 3. HP: 28/28 MP: 3/3
  1363 | D:2      | Reached skill level 5 in Polearms
  1720 | D:2      | Found a shimmering altar of Xom.
  1974 | D:2      | Found Offute's Antique Armour Boutique.
  2099 | D:2      | Reached XP level 4. HP: 32/32 MP: 4/4
  2270 | D:2      | Reached skill level 5 in Dodging
  2292 | D:2      | Found a faded altar of an unknown god.
  2295 | D:2      | Prayed at the altar of an unknown god.
  2295 | D:2      | Became a worshipper of Jiyva Jaowaemm the Shapeless
  2295 | D:2      | Reached * piety under Jiyva
  2357 | D:2      | Reached skill level 6 in Polearms
  2614 | D:3      | Reached XP level 5. HP: 39/39 MP: 5/5
  2749 | D:3      | Reached ** piety under Jiyva
  2755 | D:3      | Noticed Terence
  2771 | D:3      | Killed Terence
  2783 | D:3      | Identified the +7 mace "Impbane" {freeze, Int+3}
  3025 | D:4      | Identified a scroll of acquirement
  3149 | D:4      | Identified the ring of Liberalism {Fly rN+++ Will+}
  3304 | D:4      | Reached *** piety under Jiyva
  3357 | D:4      | Reached skill level 7 in Polearms
  3513 | D:4      | Found the +6 shillelagh "Devastator" {shatter}
  3527 | D:4      | You are sucked into a shaft and drop 2 floors!
  3527 | D:6      | Gained mutation: You have a small jelly attached to you
                  | that senses nearby items. [Jiyva's grace]
  3527 | D:6      | Gained mutation: You are partially covered in iridescent
                  | scales. (AC +2) [Jiyva's grace]
  3527 | D:6      | Gained mutation: You are mostly covered in iridescent
                  | scales. (AC +4) [Jiyva's grace]
  3527 | D:6      | Gained mutation: You are completely covered in iridescent
                  | scales. (AC +6) [Jiyva's grace]
  3551 | D:5      | Entered Level 5 of the Dungeon
  3573 | D:5      | Reached XP level 6. HP: 46/46 MP: 6/6
  3674 | D:5      | Reached skill level 8 in Polearms
  3843 | D:4      | Reached **** piety under Jiyva
  3855 | D:4      | Found an opulent altar of Gozag.
  3864 | D:4      | Noticed Menkaure
  3876 | D:4      | Killed Menkaure
  4447 | D:5      | Killed a water moccasin
  4448 | D:5      | Reached XP level 7. HP: 51/51 MP: 7/7
  4676 | D:5      | Reached skill level 1 in Armour
  4762 | D:5      | Reached skill level 9 in Polearms
  4978 | D:2      | Bought a runed helmet for 240 gold pieces
  5175 | D:5      | Reached XP level 8. HP: 40/58 MP: 8/8
  5692 | D:6      | Found a staircase to the Ecumenical Temple.
  5768 | D:6      | Reached skill level 10 in Polearms
  5932 | D:6      | Lost mutation: You are completely covered in iridescent
                  | scales. (AC +6) [Jiyva's grace]
  5932 | D:6      | Lost mutation: You are mostly covered in iridescent scales.
                  | (AC +4) [Jiyva's grace]
  5932 | D:6      | Gained mutation: You expend magic power (3 MP) to
                  | strengthen your wands. [Jiyva's grace]
  5932 | D:6      | Gained mutation: Your spells are a little harder to cast,
                  | but a little more powerful. [Jiyva's grace]
  5932 | D:6      | Gained mutation: Your spells are harder to cast, but more
                  | powerful. [Jiyva's grace]
  5932 | D:6      | Gained mutation: Your spells are much harder to cast, but
                  | much more powerful. [Jiyva's grace]
  5936 | D:6      | Reached ***** piety under Jiyva
  6033 | D:6      | Reached skill level 1 in Stealth
  6704 | D:7      | Reached XP level 9. HP: 66/66 MP: 9/9
  6884 | D:7      | Found a hazy altar of Hepliaklqana.
  7092 | D:7      | Found a bloodstained altar of Trog.
  7251 | D:8      | Reached skill level 11 in Polearms
  7396 | D:8      | Reached skill level 5 in Fighting
  7503 | D:8      | Lost mutation: Your spells are much harder to cast, but
                  | much more powerful. [Jiyva's grace]
  7503 | D:8      | Lost mutation: You expend magic power (3 MP) to strengthen
                  | your wands. [Jiyva's grace]
  7503 | D:8      | Gained mutation: Your body has grown eyes which may confuse
                  | attackers. (Acc +3) [Jiyva's grace]
  7503 | D:8      | Gained mutation: Your body has grown many eyes which may
                  | confuse attackers. (Acc +5) [Jiyva's grace]
  7503 | D:8      | Gained mutation: Your body is covered in eyes which may
                  | confuse attackers. (Acc +7, SInv) [Jiyva's grace]
  7503 | D:8      | Gained mutation: You possess an exceptional clarity of
                  | mind. [Jiyva's grace]
  7516 | D:8      | Found a sand-covered staircase.
  7523 | Ossuary  | Entered an ossuary
  7737 | D:8      | Found a blossoming altar of Fedhas.
  7741 | D:8      | Noticed a two-headed ogre
  7755 | D:8      | Killed a two-headed ogre
  7756 | D:8      | Reached skill level 12 in Polearms
  7853 | D:8      | Reached XP level 10. HP: 77/77 MP: 10/10
  8216 | D:9      | Noticed a two-headed ogre
  8231 | D:9      | Killed a two-headed ogre
  8232 | D:9      | Reached skill level 5 in Stealth
  8355 | D:9      | Reached skill level 13 in Polearms
  8595 | D:9      | Found a shimmering altar of Xom.
  8668 | D:9      | Reached ****** piety under Jiyva
  8682 | D:9      | Found a staircase to the Lair.
  8730 | D:9      | Noticed a kobold demonologist
  8737 | D:9      | Killed a kobold demonologist
  8804 | D:9      | Found a shadowy altar of Dithmenos.
  8976 | D:10     | Entered Level 10 of the Dungeon
  8984 | D:10     | Found a runed translucent door.
  8984 | D:10     | Noticed SuperHamster's ghost (journeyman OpCj)
  9010 | D:10     | Found a shimmering blue altar of Sif Muna.
  9031 | D:10     | Reached skill level 14 in Polearms
  9031 | D:10     | Reached skill level 5 in Armour
  9060 | D:10     | Noticed an unseen horror
  9070 | D:10     | Killed an unseen horror
  9077 | D:10     | Reached skill level 1 in Evocations
  9090 | D:10     | Reached XP level 11. HP: 77/86 MP: 11/11
  9177 | D:10     | Found a staircase to the Orcish Mines.
  9280 | D:10     | Found a snail-covered altar of Cheibriados.
  9392 | D:10     | Found a hide-covered altar of Uskayaw.
  9392 | D:10     | Found a sacrificial altar of Ru.
  9429 | D:10     | Found a white marble altar of Elyvilon.
  9441 | D:10     | Lost mutation: You have a small jelly attached to you that
                  | senses nearby items. [Jiyva's grace]
  9441 | D:10     | Gained mutation: Your translucent skin slightly reduces
                  | your foes' accuracy. (Stealth+) [Jiyva's grace]
  9441 | D:10     | Gained mutation: Your translucent skin reduces your foes'
                  | accuracy. (Stealth+) [Jiyva's grace]
  9441 | D:10     | Gained mutation: Your transparent skin significantly
                  | reduces your foes' accuracy. (Stealth+) [Jiyva's grace]
  9441 | D:10     | Gained mutation: You are agile. (Dex +2) [Jiyva's grace]
  9467 | D:10     | Found an ancient bone altar of Kikubaaqudgha.
  9496 | D:10     | Found an ornate altar of the Wu Jian Council.
  9742 | D:11     | Noticed a boulder beetle
  9763 | D:11     | Killed a boulder beetle
  9764 | D:11     | Reached skill level 15 in Polearms
  9786 | D:11     | Reached skill level 10 in Dodging
 10042 | D:11     | Noticed Lodul
 10177 | D:11     | Killed Lodul
 10225 | D:11     | Noticed a two-headed ogre
 10237 | D:11     | Killed a two-headed ogre
 10546 | D:11     | Paralysed by a hornet for 1 turns
 10872 | D:12     | Noticed a manticore
 10886 | D:12     | Killed a manticore
 11002 | D:12     | Lost mutation: You possess an exceptional clarity of mind.
                  | [Jiyva's grace]
 11002 | D:12     | Lost mutation: Your body is covered in eyes which may
                  | confuse attackers. (Acc +7, SInv) [Jiyva's grace]
 11002 | D:12     | Lost mutation: Your body has grown many eyes which may
                  | confuse attackers. (Acc +5) [Jiyva's grace]
 11002 | D:12     | Gained mutation: Your mind is acute. (Int +2) [Jiyva's
                  | grace]
 11002 | D:12     | Gained mutation: Your mind is very acute. (Int +4) [Jiyva's
                  | grace]
 11002 | D:12     | Gained mutation: You are very agile. (Dex +4) [Jiyva's
                  | grace]
 11002 | D:12     | Gained mutation: Your natural rate of healing is unusually
                  | fast. [Jiyva's grace]
 11036 | D:12     | Reached XP level 12. HP: 96/97 MP: 12/12
 11544 | D:2      | Bought a pair of runed gloves for 240 gold pieces
 11716 | Lair:1   | Entered Level 1 of the Lair of Beasts
 11716 | Lair:1   | Noticed an eight-headed hydra
 11724 | Lair:1   | Killed an eight-headed hydra
 11725 | Lair:1   | Reached skill level 10 in Fighting
 11762 | Lair:1   | Found a gate leading to a gauntlet.
 11771 | Gauntlet | Entered a Gauntlet
 11771 | Gauntlet | Found a transporter.
 11780 | Gauntlet | Found a transporter.
 11795 | Gauntlet | Found a transporter.
 11797 | Gauntlet | Found a large runed translucent door.
 11797 | Gauntlet | Found a large runed translucent door.
 11798 | Gauntlet | Found a large runed translucent door.
 11798 | Gauntlet | Found a large runed translucent door.
 11799 | Gauntlet | Found a large runed translucent door.
 11799 | Gauntlet | Found a large runed translucent door.
 11799 | Gauntlet | Found a runed translucent door.
 11799 | Gauntlet | Found a runed translucent door.
 11799 | Gauntlet | Found a large runed translucent door.
 11800 | Gauntlet | Found a transporter.
 11809 | Gauntlet | Noticed a dire elephant
 11817 | Gauntlet | Found a transporter.
 11832 | Gauntlet | Found a large runed translucent door.
 11833 | Gauntlet | Found a large runed translucent door.
 11834 | Gauntlet | Found a large runed translucent door.
 11834 | Gauntlet | Found a large runed translucent door.
 11835 | Gauntlet | Found a runed translucent gate.
 11836 | Gauntlet | Found a transporter.
 11836 | Gauntlet | Found a runed translucent gate.
 11837 | Gauntlet | Found a runed translucent gate.
 11838 | Gauntlet | Found a large runed translucent door.
 11838 | Gauntlet | Found a large runed translucent door.
 11839 | Gauntlet | Found a large runed translucent door.
 11840 | Gauntlet | Found a large runed translucent door.
 11848 | Gauntlet | Found a transporter.
 11860 | Gauntlet | Found a transporter.
 11861 | Gauntlet | Noticed a wretched star
 11872 | Gauntlet | Found a transporter.
 11887 | Gauntlet | Found a transporter.
 11901 | Gauntlet | Found a transporter.
 11919 | Gauntlet | Found a transporter.
 11921 | Gauntlet | Found a transporter.
 11946 | Gauntlet | Found a transporter.
 11948 | Gauntlet | Found a transporter.
 11968 | Gauntlet | Found a transporter.
 12042 | Gauntlet | Found a large runed translucent door.
 12046 | Gauntlet | Found a transporter.
 12066 | Gauntlet | Found a transporter.
 12077 | Gauntlet | Noticed a minotaur
 12286 | Gauntlet | Identified the amulet "Emew" {RegenMP rF++}
 12338 | Gauntlet | Killed a dire elephant
 12355 | Gauntlet | Identified the +6 halberd of Irgheanu {vorpal, Int+6 Dex-2}
 12358 | Gauntlet | Identified the +0 pair of gloves of Exclusion {Int+4}
 12416 | Gauntlet | Noticed a minotaur
 12427 | Gauntlet | HP: 1/97 [minotaur (17)]
 12431 | Gauntlet | Mangled by a minotaur

Illustrated notes

Levels and vault maps discovered:
D:1:      minmay_arrival_open_corners, layout_basic
D:2:      wad_woods_tower, layout_basic, serial_shops, nicolae_shop_trees,
          basic_altar, shapermc_ecumenical_altar_mp_urbaneastern
D:3:      layout_rooms, serial_curves, eino_curves_03, eino_curves_04,
          nrook_mini_backslash, corexii_item_surrounded_by_moat, uniq_terence
D:4:      layout_layer_cave, mainiacjoe_overflow_chevrons,
          palyth_stone_intersect, uniq_menkaure
D:5:      layout_layer_cave
D:6:      layout_cave_pods, minmay_temple_entry_nine_rooms,
          minmay_misc_feat_room
D:7:      layout_cave_pools, mainiacjoe_overflow_24_doors, trog_hazing_becter,
          serial_co_window_serial, co_window_paths_b,
          co_window_of_opportunity_a, co_window_corner_a,
          co_window_of_opportunity_a, co_window_cross_1,
          co_window_of_opportunity_c, co_window_cross_2, co_window_2corner,
          co_window_cross_2, co_window_broadway_b, co_window_of_opportunity_c,
          co_window_corner_cb, glass_columns_a, glass_columns_c,
          glass_columns_b, glass_columns_b
D:8:      layout_basic, mainiacjoe_overflow_surrounded_room,
          chequers_ossuary_entry_cave, nicolae_grassy_gnolls
D:9:      layout_irregular_city, nicolae_dithmenos_the_darkroom, tgw_xom,
          lair_entry_dummy
D:10:     layout_big_octagon, mainiacjoe_overflow_small_starburst,
          mainiacjoe_overflow_cross_hatched, nzn_wu_jian_contemplation,
          mainiacjoe_overflow_brackets, general_overflow_altar,
          gammafunk_temple_overflow_pools, minmay_orc_entry_guard_dogs,
          hellmonk_ghost_happy_afterlife
D:11:     layout_stronghold, minivault_26, uniq_lodul
D:12:     layout_gridville
Lair:1:   layout_cave_pods, gauntlet_entry_generic, serial_bayou_pond_c,
          ldierk_geyser
Gauntlet: gammafunk_gauntlet_one_two_three [nicolae_gauntlet_arena_x,
          gammafunk_gauntlet_arena_mazey, nicolae_gauntlet_arena_flowing_pool,
          gammafunk_gauntlet_arena_grid,
          minmay_gauntlet_arena_make_your_own_arena,
          nicolae_gauntlet_arena_t_cross, nicolae_gauntlet_swirl,
          gammafunk_gauntlet_arena_open, gammafunk_gauntlet_arena_spirals,
          dreamdust_gauntlet_exit_labyrinth]

Skill      XL: |  1  2  3  4  5  6  7  8  9 10 11 12 |
---------------+-------------------------------------+-----
Polearms       | 5 6 7 8 9 10 12 14 15 | 15.0
Dodging        | 5 6 7 8 12 14 | 14.3
Fighting       | 3 4 6 8 9 10 | 10.0
Armour         | 1 3 5 |  5.0
Stealth        | 2 4 5 |  5.0
Evocations     | 1 4 |  4.0
Throwing       | |  2.0

Action                   |  1- 3 |  4- 6 |  7- 9 | 10-12 || total
-------------------------+-------+-------+-------+-------++-------
Melee: Trident           |   140 |   152 |   387 |   482 ||  1161
       Punch             |     2 |     1 |     7 |    13 ||    23
Invok: Oozemancy         |       |       |     1 |     4 ||     5
  Use: Scroll            |     3 |     4 |     3 |     5 ||    15
 Stab: Sleeping          |     2 |       |       |    11 ||    13
       Distracted        |       |       |     2 |     1 ||     3
       Confused          |       |       |     5 |    27 ||    32
Armor: Leather armour    |    24 |    34 |    92 |    32 ||   182
Dodge: Dodged            |    82 |    76 |   274 |   286 ||   718

Table legend: (Time is in decaauts)
 A = Elapsed time spent in this place.
 B = Non-inter-level travel time spent in this place.
 C = Inter-level travel time spent in this place.
 D = Time resting spent in this place.
 E = Time spent auto-exploring this place.
 F = Levels seen in this place.
 G = Mean time per level.
                   A        B        C        D        E       F      G
               +--------+--------+--------+--------+--------+-----+--------+
         Total |  12180 |  11312 |    868 |    776 |   8204 |  15 |  812.0 |
       Dungeon |  11388 |  10546 |    842 |    776 |   7869 |  12 |  949.0 |
          Lair |     48 |     22 |     26 |      0 |      0 |   1 |   48.0 |
       Ossuary |    104 |    104 |      0 |      0 |     19 |   1 |  104.0 |
      Gauntlet |    639 |    639 |      0 |      0 |    316 |   1 |  639.0 |
               +--------+--------+--------+--------+--------+-----+--------+

Top non-repeatable levels by time:
     D:1: 1377 daAuts
     D:5: 1323 daAuts
     D:4: 1323 daAuts
     D:2: 1272 daAuts
    D:11: 1005 daAuts
     D:8: 861 daAuts
     D:6: 832 daAuts
     D:7: 832 daAuts
     D:9: 801 daAuts
    D:10: 686 daAuts
Gauntlet: 639 daAuts
    D:12: 599 daAuts
     D:3: 472 daAuts
 Ossuary: 104 daAuts
  Lair:1: 48 daAuts
